cohdb
Replays
Latest Replays
All Replays
Popular Replays
Top Player Replays
Match Explorer
How It Works
Community
CoH3 Stats
Reddit
Sign in to upload your games and track your stats! →
Sign in with Steam
Match 39712411
Unlisted
Match 39712411
Overview
Messages
Build Orders
End
Construct Section Command Post
Selects Heavy Armor Battlegroup
Royal Engineer Section
Dingo Light Scout Car
Dingo Light Scout Car
Construct Platoon Command Post
Selects Light Vehicle Withdraw and Refit
Light Vehicle Withdraw and Refit
Infantry Section
Infantry Section
Humber Armored Car
Infantry Section
Construct Field Infirmary
Infantry Section
Infantry Section
Selects UNKNOWN (202330)
Selects Rigorous Vehicle Training
Selects Forward Repair Assembly
Construct Company Command Post
Crusader AA Medium Tank
Selects Recon Artillery
6-pounder Anti-tank Gun Team
Armored Vehicle Training
Grenade Package
Crusader AA Medium Tank
Recon Artillery
6-pounder Anti-tank Gun Team
6-pounder Anti-tank Gun Team
6-pounder Anti-tank Gun Team
Recon Artillery
Crusader AA Medium Tank
Recon Artillery
AUS Potato
Bruistablet
Leo invictum
jenscher89
0
0
Comments
sign in to comment!
No comments posted yet!